 Dungeon Crawl Stone Soup version 0.28.0-53-g5a82cb258f (webtiles) character file.

Game seed: 13718748243404702963

254279 Infinimo the Shatterer (level 19, -15/182 HPs)
             Began as a Minotaur Fighter on May 30, 2022.
             Was the Champion of Okawaru.
             Killed from afar by an ancient lich (71 damage)
             ... with a crystal spear
             ... on level 2 of the Vaults.
             The game lasted 00:58:11 (38366 turns).

Infinimo the Shatterer (Minotaur Fighter)          Turns: 38366, Time: 00:58:12

Health: -15/182    AC: 38    Str: 28    XL:     19   Next: 1%
Magic:  18/18      EV: 10    Int: 10    God:    Okawaru [******]
Gold:   4948       SH: 16    Dex: 11    Spells: 18/18 levels left

rFire   + + +      SeeInvis .   D - +10 morningstar "Acro" {flame, rF++ rN++ Int+2}
rCold   + + +      Faith    .   X - +2 kite shield {rF+}
rNeg    + + +      Spirit   .   M - +3 crystal plate armour {rC+}
rPois   +          Reflect  .   (helmet restricted)
rElec   .          Harm     .   A - +1 cloak of Starlight {*Dazzle EV+4 Stlth--}
rCorr   .          Rampage  .   b - +3 pair of gloves "Eckiziep" {rC++}
Will    +....                   P - +0 pair of boots
Stlth   ..........              y - amulet of regeneration
HPRegen 1.20/turn               U - ring "Eblen" {rPois rN+ Int+3}
MPRegen 0.16/turn               E - +4 ring of slaying

@: marked
A: horns 2, retaliatory headbutt
}: 2/15 runes: barnacled, gossamer
a: Renounce Religion, Heroism, Finesse, Duel


You were on level 2 of the Vaults.
You worshipped Okawaru.
Okawaru was exalted by your worship.
You visited 7 branches of the dungeon, and saw 34 of its levels.
You also visited: Ice Cave.

You collected 6243 gold pieces.
You spent 1295 gold pieces at shops.

Inventory:

Hand Weapons
 D - the +10 morningstar "Acro" (weapon) {flame, rF++ rN++ Int+2}
   (Okawaru gifted it to you on level 3 of the Lair of Beasts)

   It burns those it strikes, dealing additional fire damage.
   Int:       It affects your intelligence (+2).
   rF:        It greatly protects you from fire.
   rN:        It greatly protects you from negative energy.
 H - a +6 eveningstar of venom
Missiles
 R - 4 throwing nets (quivered)
Armour
 b - the +3 pair of gloves "Eckiziep" (worn) {rC++}
   (Okawaru gifted it to you on level 2 of the Lair of Beasts)

   rC:        It greatly protects you from cold.
 A - the +1 cloak of Starlight (worn) {*Dazzle EV+4 Stlth--}
   (Okawaru gifted it to you on level 1 of the Lair of Beasts)

   It may blind those who miss an attack against the wearer in melee combat.
   EV:        It affects your evasion (+4).
   Stlth:     It makes you much less stealthy.
 M - a +3 crystal plate armour of cold resistance (worn)
 P - a +0 pair of boots (worn)
 X - a +2 kite shield of fire resistance (worn)
Jewellery
 y - an amulet of regeneration (around neck)
 E - a +4 ring of slaying (right hand)
 U - the ring "Eblen" (left hand) {rPois rN+ Int+3}
   (You took it off a merfolk on level 4 of the Shoals)

   [ring of poison resistance]

   Int:       It affects your intelligence (+3).
   rPois:     It protects you from poison.
   rN:        It protects you from negative energy.
Wands
 q - a wand of digging (3)
 t - a wand of polymorph (17)
 v - a wand of iceblast (40)
 K - a wand of flame (51)
 L - a wand of paralysis (8)
 T - a wand of acid (19)
 Y - a wand of mindburst (10)
Scrolls
 a - 4 scrolls of identify
 e - 8 scrolls of magic mapping
 i - 3 scrolls of vulnerability
 r - 4 scrolls of blinking
 x - 4 scrolls of enchant weapon
 B - 4 scrolls of amnesia
 F - 9 scrolls of teleportation
 O - 3 scrolls of fog
Potions
 d - 4 potions of might
 f - 5 potions of degeneration
 g - 6 potions of attraction
 h - 6 potions of magic
 j - 13 potions of curing
 k - 4 potions of lignification
 m - 12 potions of heal wounds
 o - 5 potions of ambrosia
 p - 2 potions of berserk rage
 s - 3 potions of haste
 u - 10 potions of mutation
 z - 2 potions of flight
 G - 4 potions of invisibility
 J - 2 potions of cancellation
 N - 3 potions of brilliance


   Skills:
 + Level 19.1 Fighting
 * Level 25.7 Maces & Flails
 + Level 19.1 Armour
 + Level 19.2 Shields


You had 18 spell levels left.
You didn't know any spells.
Your spell library contained the following spells:

 Spells                   Type           Power      Damage    Failure   Level
 Apportation              Tloc           0%         N/A       100%        1
 Magic Dart               Conj           0%         1d3       100%        1
 Pain                     Necr           0%         1d4       100%        1
 Sandblast                Erth           0%         2d4       100%        1
 Slow                     Hex            0%         N/A       100%        1
 Blink                    Tloc           0%         N/A       100%        2
 Passwall                 Tmut/Erth      0%         N/A       100%        2
 Searing Ray              Conj           0%         2d4       100%        2
 Sublimation of Blood     Necr           0%         N/A       100%        2
 Wereblood                Tmut           0%         N/A       100%        2
 Confusing Touch          Hex            0%         N/A       100%        3
 Frozen Ramparts          Ice            0%         1d2       100%        3
 Gell's Gravitas          Tloc           0%         N/A       100%        3
 Lesser Beckoning         Tloc           0%         N/A       100%        3
 Mephitic Cloud           Conj/Pois/Air  0%         N/A       100%        3
 Ozocubu's Armour         Ice            0%         N/A       100%        3
 Portal Projectile        Hex/Tloc       0%         N/A       100%        3
 Stone Arrow              Conj/Erth      0%         3d7       100%        3
 Teleport Other           Tloc           0%         N/A       100%        3
 Vampiric Draining        Necr           0%         2d6       100%        3
 Fulminant Prism          Conj/Hex       0%         3d6       100%        4
 Ice Form                 Ice/Tmut       0%         N/A       100%        4
 Petrify                  Tmut/Erth      0%         N/A       100%        4
 Alistair's Intoxication  Tmut/Pois      0%         N/A       100%        5
 Blade Hands              Tmut           0%         N/A       100%        5
 Borgnjor's Vile Clutch   Necr/Erth      0%         N/A       100%        5
 Excruciating Wounds      Necr           0%         N/A       100%        5
 Manifold Assault         Tloc           0%         N/A       100%        5
 Metabolic Englaciation   Hex/Ice        0%         N/A       100%        5
 Dispersal                Tloc           0%         N/A       100%        6
 Eringya's Noxious Bog    Tmut/Pois      0%         N/A       100%        6
 Iron Shot                Conj/Erth      0%         9d1       100%        6
 Statue Form              Tmut/Erth      0%         N/A       100%        6
 Ozocubu's Refrigeration  Ice            0%         4d5       100%        7
 Storm Form               Tmut/Air       0%         N/A       100%        7
 Disjunction              Tloc           0%         N/A       100%        8
 Chain Lightning          Conj/Air       0%         N/A       100%        9
 Fire Storm               Conj/Fire      0%         5d1       100%        9
 Shatter                  Erth           0%         3d5*      100%        9
 Animate Skeleton         Necr           Unusable   N/A       N/A         1
 Summon Small Mammal      Summ           Unusable   N/A       N/A         1
 Call Imp                 Summ           Unusable   N/A       N/A         2
 Animate Armour           Summ/Erth      Unusable   N/A       N/A         4
 Summon Ice Beast         Ice/Summ       Unusable   N/A       N/A         4
 Summon Hydra             Summ           Unusable   N/A       N/A         7

Dungeon Overview and Level Annotations

Branches:
Dungeon (15/15)            Temple (1/1) D:6            Lair (6/6) D:9
 Shoals (4/4) Lair:3       Spider (4/4) Lair:3        Slime (0/5) Lair:6
    Orc (2/2) D:11            Elf (0/3) Orc:2        Vaults (2/5) D:13
 Depths (0/4) D:15          IceCv (visited)
  Crypt: Vaults:2-3

Altars:
Ashenzari
Cheibriados
Dithmenos
Elyvilon
Fedhas
Gozag
Hepliaklqana
Kikubaaqudgha
Makhleb
Nemelex Xobeh
Okawaru
Qazlal
Ru
Sif Muna
Trog
Uskayaw
Vehumet
Wu Jian
Xom
Yredelemnul
Zin
The Shining One
Beogh

Shops:
D:6 *   D:15 [   Orc:1 ?   Orc:2 :(=*[   Shoals:1 =   Vaults:1 (

Annotations:
D:4 3 runed translucent doors, duchin's ghost, amateur DjWr


Innate Abilities, Weirdness & Mutations

You have a pair of horns on your head.
You reflexively headbutt those who attack you in melee.


Message History

The ironbound convoker is severely wounded.
Electricity crackles from the ironbound thunderhulk's apparatus.
The bolt of lightning misses you.
You puncture the ironbound convoker! You burn the ironbound convoker.
The ironbound convoker is almost dead.
The ironbound convoker points at the vault warden and mumbles some strange words.
The vault warden seems to grow stronger.
The ironbound convoker casts a spell at the ironbound convoker.
The ironbound convoker seems to grow stronger.
The vault warden hits you with a +0 long sword!!!
The ironbound convoker gestures at the yaktaur captain while chanting.
The yaktaur captain seems to grow stronger.
Electricity crackles from the ironbound thunderhulk's apparatus.
The bolt of lightning hits you!!!
You are too injured to fight recklessly!
You are too injured to fight recklessly!
Unknown command.
You barely miss the ironbound convoker.
You headbutt the ironbound convoker, but do no damage.
The ironbound convoker is almost dead.
You block the ironbound convoker's attack.
You block the vault warden's attack.
Unknown command.
The ancient lich mumbles some strange words.
The ancient lich seems to speed up.
The ancient lich casts a spell.
The ancient lich flickers and vanishes!
Deactivating autopickup; reactivate with Ctrl-A.
Electricity crackles from the ironbound thunderhulk's apparatus.
The bolt of lightning misses you.
There is an open door here.
There is a large open door here.
You hear some strange, mumbled words.
A crystal spear appears from out of thin air!
The crystal spear hits you!!!
The ironbound convoker gestures at something while chanting.
You hear some strange, mumbled words.
A crystal spear appears from out of thin air!
The crystal spear hits you!!!
You die...

##########
#........########
#########........#......#
#.#.#.#.[.)......#......#
#...'...#)))[....'......#
#...'...#.)<.@.{.'p.....#
#...'...#..).....#......#
#.#.#.#.##########......#
######### #......#
#...p..# #####p## # #...#
.#. # #...# ..p.
#...##{##...#


You could see an ironbound convoker (strong).

Vanquished Creatures
  Mara (Spider:3)
  Nikola (Spider:4)
  Arachne (Spider:3)
  Jorgrun (D:13)
  A kraken (Shoals:3)
  Agnes (Spider:1)
  Kirke (D:12)
  Roxanne (Spider:1)
  2 frost giants
  2 orc warlords (Orc:1)
  3 ghost moths
  3 vault wardens
  6 emperor scorpions
  A juggernaut zombie (D:15)
  3 ironbound preservers
  A broodmother (Spider:2)
  A reaper (IceCv)
  A war gargoyle (Vaults:2)
  4 entropy weavers
  A spark wasp (Spider:4)
  A deep elf death mage (Vaults:2)
  2 merfolk javelineers (Shoals:4)
  6 merfolk impalers
  Josephine (Orc:1)
  Harold (D:8)
  4 yaktaur captains
  2 vault guards (Vaults:1)
  A peacekeeper (Vaults:2)
  5 boulder beetles
  4 catoblepae
  14 hydras
  2 jorogumos (Spider:4)
  2 ogre magi
  2 centaur warriors
  3 radroaches
  4 merfolk avatars
  4 ironbound frosthearts
  3 merfolk aquamancers
  An alligator snapping turtle (Shoals:4)
  12 two-headed ogres
  8 death yaks
  7 death scarabs (Spider:4)
  3 death knights
  2 satyrs (Shoals:4)
  A tengu warrior (D:15)
  Urug (Orc:1)
  3 orc high priests
  3 sun demons (Shoals:3)
  6 skeletal warriors (D:15)
  A golden dragon zombie (D:15)
  A fire crab (Lair:6)
  A sun moth (Spider:2)
  Nergalle (Lair:4)
  7 deep trolls
  A spark wasp zombie (D:15)
  15 sea snakes
  A flayed ghost (D:15)
  8 pharaoh ants
  3 goliath frogs (Lair:6)
  4 orb spiders
  An orange crystal statue (D:10)
  4 steelbarb worms
  3 ironbound convokers (Vaults:1)
  A spectral wolf spider (Spider:4)
  A phantasmal warrior (D:14)
  A lindwurm (Lair:4)
  A spectral jorogumo (Spider:4)
  Pikel (D:7)
  A necromancer (D:15)
  3 deep elf pyromancers
  27 harpies
  6 orc knights
  3 ugly things
  7 manticores
  8 fauns
  14 wolf spiders
  2 oklob plants (Lair:6)
  4 orc sorcerers
  A moth of wrath (Spider:4)
  Joseph (Lair:1)
  4 black mambas
  19 elephants
  8 merfolk sirens
  10 cyclopes
  4 vault sentinels
  An ice statue (IceCv)
  11 water nymphs
  25 cane toads
  Maggie (D:8)
  A spriggan zombie (D:15)
  2 torpor snails
  12 rime drakes
  4 demonic crawlers
  A spectral redback (Spider:4)
  A tengu conjurer (D:15)
  A redback zombie (Spider:4)
  13 yaktaurs
  14 komodo dragons
  An ice devil (IceCv)
  3 freezing wraiths
  5 trolls
  23 merfolk
  4 polar bears
  A hornet (D:8)
  7 meliai
  3 spectral tarantellas (Spider:4)
  Prince Ribbit (D:8)
  7 wind drakes
  20 blink frogs
  3 slime creatures (D:14)
  A spectral culicivora (Spider:4)
  10 snapping turtles
  14 tarantellas
  2 tyrant leeches (Lair:6)
  2 culicivora zombies (Spider:4)
  2 tarantella zombies (Spider:4)
  2 dream sheep (Shoals:1)
  17 jumping spiders
  2 shadows (D:11)
  8 culicivoras
  36 yaks
  A dire elephant simulacrum (IceCv)
  11 water elementals
  3 hogs (D:12)
  A vampire (D:13)
  8 wraiths
  16 wyverns
  10 basilisks
  A human (D:13)
  A redback (shapeshifter) (D:13)
  4 wargs (Orc:2)
  Grum (D:8)
  19 vampire mosquitoes
  2 death yak simulacra (IceCv)
  A harpy simulacrum (IceCv)
  37 redbacks
  An acid dragon (D:9)
  24 water moccasins
  54 orc warriors
  A sky beast (D:5)
  A black bear (D:7)
  4 ice beasts
  4 necrophages
  23 wolves
  7 ogres
  7 boggarts
  11 centaurs
  3 phantoms
  3 lemures (D:7)
  A kobold brigand (D:9)
  Blork the orc (Orc:2)
  15 bullfrogs
  3 two-headed ogre simulacra (IceCv)
  2 cane toad simulacra (IceCv)
  A scorpion (D:6)
  A water moccasin skeleton (D:5)
  14 wights
  2 elephant simulacra (IceCv)
  24 killer bees
  9 howler monkeys
  A vampire bat (D:5)
  7 electric eels
  4 centaur zombies
  2 jellies
  22 orc priests
  3 centaur skeletons
  A bullfrog skeleton (D:6)
  4 iguanas
  26 orc wizards
  A polar bear simulacrum (IceCv)
  2 troll simulacra (IceCv)
  9 hell rats
  8 spriggan simulacra (IceCv)
  4 wolf simulacra (IceCv)
  6 ogre zombies (D:11)
  A howler monkey zombie (D:6)
  4 adders
  5 naga simulacra (IceCv)
  A shadow imp (D:5)
  8 white imps
  8 ufetubi (IceCv)
  An adder skeleton (D:5)
  A worm (D:3)
  3 dart slugs
  3 fire bats (D:5)
  73 orcs
  2 spectral bats (D:5)
  17 bats
  3 bat skeletons (D:5)
  A bat zombie (D:5)
  4 endoplasms
  3 giant cockroaches
  2 goblins
  5 hobgoblins
  3 jackals
  15 kobolds
  8 quokkas
  8 ball pythons
  A bat simulacrum (D:5)
  3 frilled lizards
  A goblin skeleton (D:11)
  A goblin zombie (D:11)
  3 hobgoblin skeletons (D:11)
  2 orc skeletons (D:11)
  12 orc zombies (D:11)
  4 rats
  4 tentacles (Shoals:3)
1225 creatures vanquished.

Vanquished Creatures (others)
  A ghost moth (Spider:4)
  A spectral jorogumo (Spider:4)
  A cane toad (Lair:6)
  2 boggarts (Vaults:1)
  2 orc wizards
  A bush (Lair:3)
  22 fungi
  313 plants
  6 tentacles (Shoals:3)
349 creatures vanquished.

Grand Total: 1574 creatures vanquished

Notes
Turn   | Place    | Note
-------+----------+-------------------------------------------
     0 | D:1      | Infinimo the Minotaur Fighter began the quest for the Orb.
     0 | D:1      | Reached XP level 1. HP: 19/19 MP: 0/0
    69 | D:1      | Reached XP level 2. HP: 19/27 MP: 1/1
   216 | D:1      | Reached skill level 3 in Maces & Flails
   555 | D:1      | Reached XP level 3. HP: 33/33 MP: 2/2
   955 | D:2      | Found a faded altar of an unknown god.
  1811 | D:3      | Reached XP level 4. HP: 40/40 MP: 3/3
  2061 | D:3      | Reached skill level 4 in Maces & Flails
  2618 | D:4      | Reached XP level 5. HP: 45/47 MP: 4/4
  2797 | D:4      | Reached skill level 5 in Maces & Flails
  3001 | D:4      | Found a runed translucent gate.
  3001 | D:4      | Found a runed translucent gate.
  3001 | D:4      | Found a runed translucent gate.
  3007 | D:4      | Noticed duchin's ghost (amateur DjWr)
  3232 | D:5      | Entered Level 5 of the Dungeon
  3237 | D:5      | Noticed a necrophage
  3248 | D:5      | Killed a necrophage
  3249 | D:5      | Reached skill level 5 in Shields
  3249 | D:5      | Reached XP level 6. HP: 31/55 MP: 5/5
  3469 | D:5      | Reached skill level 5 in Fighting
  3529 | D:5      | Identified the +11 whip "Vykkoh" {holy, rPois Will- Str+3}
  3547 | D:5      | Reached skill level 5 in Armour
  3658 | D:5      | Noticed a sky beast
  3667 | D:5      | Killed a sky beast
  3940 | D:5      | Reached skill level 6 in Maces & Flails
  3943 | D:5      | Reached XP level 7. HP: 55/61 MP: 6/6
  4084 | D:5      | Found a snail-covered altar of Cheibriados.
  4084 | D:5      | Found a glowing golden altar of the Shining One.
  4496 | D:5      | Noticed a yak
  4496 | D:5      | Noticed a yak
  4496 | D:5      | Noticed a yak
  4496 | D:5      | Noticed a yak
  4496 | D:5      | Noticed a yak
  4496 | D:5      | Noticed a yak
  4509 | D:5      | Killed a yak
  4510 | D:5      | Reached skill level 7 in Maces & Flails
  4514 | D:5      | Killed a yak
  4515 | D:5      | Reached XP level 8. HP: 54/70 MP: 7/7
  4618 | D:4      | Reached skill level 8 in Maces & Flails
  4995 | D:6      | Found Davarepn's General Store.
  5005 | D:6      | Reached skill level 9 in Maces & Flails
  5021 | D:6      | Bought a scroll of identify for 28 gold pieces
  5021 | D:6      | Bought a scroll of identify for 28 gold pieces
  5162 | D:6      | Reached XP level 9. HP: 79/79 MP: 8/8
  5461 | D:6      | Found a staircase to the Ecumenical Temple.
  5520 | Temple   | Entered the Ecumenical Temple
  5839 | Temple   | Became a worshipper of Warmaster Okawaru
  6111 | D:7      | Reached skill level 10 in Maces & Flails
  6278 | D:7      | Noticed a two-headed ogre
  6295 | D:6      | Killed a two-headed ogre
  6296 | D:6      | Reached skill level 11 in Maces & Flails
  6445 | D:7      | Reached * piety under Okawaru
  6467 | D:7      | Reached XP level 10. HP: 77/90 MP: 9/9
  6796 | D:8      | Noticed Pikel
  6797 | D:8      | Noticed Grum
  6877 | D:7      | Killed Pikel
  7073 | D:8      | Killed Grum
  7380 | D:8      | Reached ** piety under Okawaru
  7694 | D:8      | Reached skill level 12 in Maces & Flails
  7733 | D:8      | Noticed Harold
  8002 | D:8      | Killed Harold
  8002 | D:8      | Reached *** piety under Okawaru
  8233 | D:8      | Noticed Maggie
  8249 | D:8      | Killed Maggie
  8435 | D:8      | Noticed Prince Ribbit
  8452 | D:8      | Killed Prince Ribbit
  8704 | D:8      | Reached skill level 13 in Maces & Flails
  8994 | D:9      | Noticed a death yak
  8994 | D:9      | Noticed a death yak
  8996 | D:9      | Noticed a death yak
  9000 | D:9      | Noticed a death yak
  9158 | D:9      | Reached XP level 11. HP: 99/99 MP: 10/10
  9321 | D:9      | Noticed a death yak
  9325 | D:9      | Noticed a death yak
  9332 | D:9      | Noticed a death yak
  9355 | D:8      | Killed a death yak
  9355 | D:8      | Reached **** piety under Okawaru
  9356 | D:8      | Reached skill level 10 in Fighting
  9356 | D:8      | Reached skill level 10 in Armour
  9356 | D:8      | Reached skill level 10 in Shields
  9494 | D:8      | Killed a death yak
  9675 | D:9      | Noticed a seven-headed hydra
  9689 | D:9      | Found a staircase to the Lair.
 10161 | D:9      | Noticed a two-headed ogre
 10171 | D:9      | Killed a two-headed ogre
 10867 | D:9      | Killed a seven-headed hydra
 10915 | D:9      | Noticed a death yak
 10948 | D:9      | Killed a death yak
 10980 | D:8      | Killed a death yak
 10980 | D:8      | Reached ***** piety under Okawaru
 10981 | D:8      | Reached skill level 14 in Maces & Flails
 11128 | D:8      | Killed a death yak
 11138 | D:8      | Killed a death yak
 11347 | D:8      | Killed a death yak
 11429 | D:9      | Killed a death yak
 11507 | D:10     | Entered Level 10 of the Dungeon
 11507 | D:10     | Noticed a two-headed ogre
 11517 | D:10     | Killed a two-headed ogre
 11852 | D:10     | Reached XP level 12. HP: 75/110 MP: 11/11
 12025 | D:10     | Reached skill level 15 in Maces & Flails
 12182 | D:10     | Identified the +0 pearl dragon scales of Ymydash {rN+
                  | Slay+5}
 12230 | D:10     | Identified the ring "Wuketiw" {Wiz +Blink rF+ Dex-4}
 13892 | Lair:1   | Entered Level 1 of the Lair of Beasts
 13902 | Lair:1   | Reached ****** piety under Okawaru
 13902 | Lair:1   | Received a gift from Okawaru
 13902 | Lair:1   | Found the +1 cloak of Starlight {*Dazzle EV+4 Stlth--}
 14224 | Lair:1   | Noticed Joseph
 14243 | Lair:1   | Killed Joseph
 14292 | Lair:1   | Found a frozen archway.
 14335 | IceCv    | Entered an ice cave
 14388 | IceCv    | Identified the +6 executioner's axe of the Gloaming {flame,
                  | Int+2 SInv}
 14996 | IceCv    | Noticed a reaper
 15101 | IceCv    | Killed a reaper
 15102 | IceCv    | Reached skill level 16 in Maces & Flails
 16245 | Lair:2   | Noticed a four-headed hydra
 16260 | Lair:2   | Killed a four-headed hydra
 16261 | Lair:2   | Reached XP level 13. HP: 100/119 MP: 12/12
 16263 | Lair:2   | Identified the +3 pair of gloves "Eckiziep" {rC++} (Okawaru
                  | gifted it to you on level 2 of the Lair of Beasts)
 16263 | Lair:2   | Received a gift from Okawaru
 16542 | Lair:2   | Reached skill level 17 in Maces & Flails
 16939 | Lair:2   | You fall into a shaft and drop 2 floors!
 17549 | Lair:3   | Found a hole to the Spider Nest.
 17713 | Lair:3   | Identified the +10 morningstar "Acro" {flame, rF++ rN++
                  | Int+2} (Okawaru gifted it to you on level 3 of the Lair of
                  | Beasts)
 17713 | Lair:3   | Received a gift from Okawaru
 17714 | Lair:3   | Found a staircase to the Shoals.
 17717 | Lair:3   | Reached skill level 18 in Maces & Flails
 18717 | Lair:4   | Noticed Nergalle
 18730 | Lair:4   | Killed Nergalle
 19228 | Lair:5   | Identified the +0 ring mail "Agum" {Fly Slay+3} (Okawaru
                  | gifted it to you on level 5 of the Lair of Beasts)
 19228 | Lair:5   | Received a gift from Okawaru
 19231 | Lair:5   | Reached XP level 14. HP: 130/130 MP: 13/13
 19952 | Lair:6   | Entered Level 6 of the Lair of Beasts
 20021 | Lair:6   | Found a staircase to the Slime Pits.
 20287 | Lair:6   | Reached skill level 19 in Maces & Flails
 20432 | Lair:6   | Received a gift from Okawaru
 20749 | Lair:6   | Found a stormy altar of Qazlal.
 21674 | D:11     | Found a staircase to the Orcish Mines.
 22129 | D:11     | Reached skill level 20 in Maces & Flails
 22167 | D:11     | Found a blossoming altar of Fedhas.
 22272 | D:11     | Identified the +0 pair of gloves "Metas" {Dex+5} (Okawaru
                  | gifted it to you on level 11 of the Dungeon)
 22272 | D:11     | Received a gift from Okawaru
 22404 | D:11     | Identified the ring "Keeg" {Ice Will+}
 22555 | D:12     | Reached XP level 15. HP: 139/139 MP: 14/14
 22982 | D:12     | Noticed Kirke
 23000 | D:12     | Killed Kirke
 23001 | D:12     | Reached skill level 15 in Fighting
 23001 | D:12     | Reached skill level 15 in Armour
 23001 | D:12     | Reached skill level 15 in Shields
 23174 | D:13     | Noticed Jorgrun
 23184 | D:13     | Killed Jorgrun
 23491 | D:13     | Found a gate to the Vaults.
 23794 | Orc:1    | Entered Level 1 of the Orcish Mines
 23903 | Orc:1    | Noticed an orc warlord
 23951 | Orc:1    | Killed an orc warlord
 24286 | Orc:1    | Found Delith's Magic Scroll Shoppe.
 24379 | Orc:1    | Bought a scroll of teleportation for 42 gold pieces
 24379 | Orc:1    | Bought a scroll of blinking for 105 gold pieces
 24379 | Orc:1    | Bought 2 scrolls of teleportation for 84 gold pieces
 24379 | Orc:1    | Bought a scroll of enchant weapon for 105 gold pieces
 24575 | Orc:1    | Noticed Urug
 24745 | Orc:1    | Killed Urug
 24835 | Orc:1    | Noticed Josephine
 24857 | Orc:1    | Killed Josephine
 24924 | Orc:1    | Paralysed by an orc sorcerer for 6 turns
 25206 | Orc:2    | Entered Level 2 of the Orcish Mines
 25409 | Orc:1    | Reached skill level 21 in Maces & Flails
 25429 | Orc:1    | Received a gift from Okawaru
 25713 | Orc:2    | Paralysed by an orc sorcerer for 4 turns
 25777 | Orc:2    | Noticed Blork the orc
 25783 | Orc:2    | Noticed an orc warlord
 25805 | Orc:2    | Paralysed by an orc sorcerer for 3 turns
 25845 | Orc:1    | Killed an orc warlord
 25878 | Orc:2    | Paralysed by an orc sorcerer for 2 turns
 25894 | Orc:2    | Killed Blork the orc
 26235 | Orc:2    | Found a staircase to the Elven Halls.
 26281 | Orc:2    | Found Uboal's Jewellery Shop.
 26304 | Orc:2    | Found Arouguuh's Antique Armour Boutique.
 26353 | Orc:2    | Found Ivusoppe's Antique Weapon Boutique.
 26368 | Orc:2    | Found Karghid's Book Boutique.
 26384 | Orc:2    | Found Bigiesua's General Store.
 26459 | Orc:1    | Bought a scroll of brand weapon for 280 gold pieces
 26526 | Orc:2    | Bought a masterwork flail for 263 gold pieces
 26526 | Orc:2    | Identified the +7 flail of the Ship {flame, Fly rCorr SInv}
                  | (You bought it in a shop on level 2 of the Orcish Mines)
 26844 | D:14     | Reached XP level 16. HP: 139/151 MP: 15/15
 26848 | D:14     | Identified the +0 chain mail "Qass" {rC+} (Okawaru gifted
                  | it to you on level 14 of the Dungeon)
 26848 | D:14     | Received a gift from Okawaru
 27277 | D:15     | Entered Level 15 of the Dungeon
 27532 | D:15     | Found a staircase to the Depths.
 27652 | D:15     | Reached skill level 22 in Maces & Flails
 27868 | D:15     | Identified the +0 plate armour of the Morning Star {rN+++
                  | Regen+ Str-4 SInv}
 28069 | D:15     | Found Zecli's Armour Shoppe.
 28314 | Shoals:1 | Entered Level 1 of the Shoals
 28772 | Shoals:1 | Found Ohokh's Jewellery Boutique.
 28851 | Shoals:1 | Bought a ring of poison resistance for 360 gold pieces
 29119 | Shoals:2 | Received a gift from Okawaru
 30671 | Shoals:3 | Reached skill level 23 in Maces & Flails
 30671 | Shoals:3 | Reached XP level 17. HP: 161/161 MP: 16/16
 30928 | Shoals:3 | Noticed a kraken
 30990 | Shoals:3 | Killed a kraken
 31080 | Shoals:4 | Entered Level 4 of the Shoals
 31201 | Shoals:4 | Identified the +0 hat "Kaifausk" {+Blink} (Okawaru gifted
                  | it to you on level 4 of the Shoals)
 31201 | Shoals:4 | Received a gift from Okawaru
 31270 | Shoals:4 | Identified the +5 hand crossbow "Ulew" {penet, Fragile
                  | rC+++ rN++}
 31369 | Shoals:4 | Identified the +10 long sword of True Grit {vorpal, rC+
                  | Will+}
 31552 | Shoals:4 | Identified the ring "Eblen" {rPois rN+ Int+3}
 31904 | Shoals:4 | Got a barnacled rune of Zot
 32481 | Spider:1 | Entered Level 1 of the Spider Nest
 32639 | Spider:1 | Noticed Roxanne
 32665 | Spider:1 | Killed Roxanne
 32725 | Spider:1 | Noticed Agnes
 32731 | Spider:1 | Killed Agnes
 32833 | Spider:1 | Reached skill level 24 in Maces & Flails
 32880 | Spider:1 | Received a gift from Okawaru
 34264 | Spider:2 | Reached XP level 18. HP: 170/171 MP: 17/17
 34559 | Spider:3 | Noticed Mara
 34569 | Spider:3 | Noticed Infinimo's illusion
 34571 | Spider:3 | Killed Mara
 34716 | Spider:3 | Noticed Arachne
 34732 | Spider:3 | Killed Arachne
 35176 | Spider:3 | Identified the +0 robe "Recupoti" {Str+3 Dex+7} (Okawaru
                  | gifted it to you on level 3 of the Spider Nest)
 35176 | Spider:3 | Received a gift from Okawaru
 35348 | Spider:4 | Entered Level 4 of the Spider Nest
 35361 | Spider:4 | Identified the +12 whip "Wotwo" {elec, rElec rC+ Dex+2}
 35674 | Spider:4 | Noticed Nikola
 36075 | Spider:4 | Reached skill level 25 in Maces & Flails
 36421 | Spider:4 | Killed Nikola
 36660 | Spider:4 | Got a gossamer rune of Zot
 37030 | Vaults:1 | Entered Level 1 of the Vaults
 37565 | Vaults:1 | Identified the +0 pair of gloves "Vigix" {Str+4} (Okawaru
                  | gifted it to you on level 1 of the Vaults)
 37565 | Vaults:1 | Received a gift from Okawaru
 37858 | Vaults:1 | Found Jankije's Antique Weapon Shoppe.
 38287 | Vaults:2 | Reached XP level 19. HP: 167/182 MP: 18/18
 38349 | Vaults:2 | Noticed an ancient lich
 38366 | Vaults:2 | Killed from afar by an ancient lich

Illustrated notes

Levels and vault maps discovered:
D:1:      zelgadis_glass_arrival_small, layout_basic
D:2:      layout_rooms, shapermc_ecumenical_altar_venn, corexii_hall_statues_l
D:3:      layout_loops_ring
D:4:      layout_cave_pools, biasface_ghost_orc_armoury
D:5:      layout_basic, jmf_multi_god_temple, goddamned_bats
D:6:      layout_loops_ring, minmay_temple_entry_wispy, serial_shops,
          shop_coins, chequers_mini_garden, minmay_chambers_of_fives
D:7:      layout_cave_pools
D:8:      layout_rooms, serial_co_window_serial, co_window_paths_a,
          co_window_paths_a, co_window_paths_b, co_window_corner_a,
          co_window_corner_a, co_window_broadway_c, co_window_unsneaky_path_a,
          co_window_broadway_a, co_window_paths_e, co_window_4corner_a,
          glass_columns_c, glass_columns_a, chequers_serial_rivers_large_a,
          corexii_hall_statues_s, skrybe_limestone_x, uniq_pikel, uniq_harold,
          uniq_grum, uniq_maggie, uniq_prince_ribbit1
D:9:      layout_grid_maze, dpeg_lair_monsters, water_boxes_lemuel
D:10:     wad_lake_hut, layout_basic, kennysheep_cross_room,
          minmay_protected_statue
D:11:     layout_cave_pods, zombieorc1_lemuel, grunt_ministairs_9,
          fedhas_altar_3
D:12:     layout_roguey, serial_curves, eino_curves_04, eino_curves_03,
          uniq_kirke
D:13:     layout_cave_pools, david_vaults_2, serial_column_ruins,
          column_ruins_grid_1, column_ruins_grid_1,
          column_ruins_corridor_corner, column_ruins_open_small,
          column_ruins_grid_1, column_ruins_columns_straight, dk_noncrumbling_3,
          uniq_jorgrun
D:14:     layout_cave_pools, special_room [special_room_mythical_zoo],
          wad_floor_pattern_2
D:15:     gammafunk_depths_entry_grave, layout_loops_ring, serial_shops, shop,
          amcnicky_mini_pool_small
Temple:   mainiacjoe_temple_cubbyholes
Lair:1:   layout_cave_shapes, portal_ice_cave_entry_pillars_1,
          gauntlet_entry_generic, grunt_megastairs_1, uniq_joseph
Lair:2:   layout_chaotic_city, nicolae_lair_run_with_the_wolves,
          serial_bayou_shore_a
Lair:3:   layout_big_grid, elwin_shoals_entry_stream,
          hellmonk_spider_entry_not_the_bees, grunt_megastairs_4,
          lemuel_fruit_fields
Lair:4:   layout_cave_pods, nicolae_volcano_entry_vermiform,
          infiniplex_staircase_pool, uniq_nergalle
Lair:5:   layout_regular_city, lemuel_fruit_fields, grunt_megastairs_2
Lair:6:   minmay_lair_end_frog_pond, layout_gridlike, slime_dummy,
          lemuel_oklob_altar
Shoals:1: layout_shoals, serial_shops, shop, nicolae_shoals_lost_giant_hut
Shoals:2: nzn_motion_control, layout_shoals, st_cyclops
Shoals:3: layout_shoals, nicolae_shoals_sun_and_surf
Shoals:4: shoals_end_grunt_garden, layout_shoals
Spider:1: layout_spider_delve, uniq_agnes, uniq_roxanne
Spider:2: layout_cave_pods, nicolae_spider_cling_halls
Spider:3: layout_spider_delve, einodemon_crawler_minivault, uniq_arachne,
          uniq_mara
Spider:4: floodkiller_spider_rune_tomb, uniq_nikola
Orc:1:    orc_temple, layout_caves, serial_shops, shop, nicolae_orc_lost_temple,
          uniq_josephine, uniq_urug
Orc:2:    grunt_orc_cross, layout_caves, basic_altar, serial_shops, shop,
          nooodl_orcs_dogs
Vaults:1: vaults_room_large_hall, v_misc_8, hangedman_vaults_nodes, v_misc_15,
          nicolae_vaults_little_squares_6, v_misc_9, vaults_dpeg_cross,
          layout_vaults_omnicross, serial_shops, shop_statue
Vaults:2: gammafunk_ghost_crypt, st_star, v_misc_18, v_misc_11,
          nicolae_vaults_angled_halls, nicolae_vaults_border_crossing,
          vaults_room_door_ring, ontoclasm_vaults_chip, vaults_mumra_hex,
          vaults_room_ringed_pool, layout_vaults_omnibox, uniq_xtahua,
          uniq_saint_roka

Skill      XL: |  1  2  3  4  5  6  7  8  9 10 11 12 13 14 15 16 17 18 |
---------------+-------------------------------------------------------+-----
Maces & Flails | 3 4 5 6 7 9 11 13 14 16 18 20 21 23 24 25 | 25.7
Shields        | 4 5 6 7 8 9 11 12 13 14 16 17 18 19 | 19.2
Fighting       | 4 5 6 7 8 9 11 12 13 14 16 17 18 19 | 19.1
Armour         | 4 5 6 7 8 9 11 12 13 14 16 17 18 19 | 19.1

Action                   |  1- 3 |  4- 6 |  7- 9 | 10-12 | 13-15 | 16-18 | 19-21 || total
-------------------------+-------+-------+-------+-------+-------+-------+-------++-------
Melee: Flail             |    77 |    97 |       |       |       |       |       ||   174
       Headbutt          |     6 |    18 |    28 |   141 |   236 |   291 |     5 ||   725
       Whip              |       |    21 |   149 |   664 |   234 |       |       ||  1068
       Morningstar       |       |       |       |       |   888 |  1259 |    19 ||  2166
Throw: Dart              |       |       |       |     5 |       |       |       ||     5
       Throwing net      |       |       |       |     1 |       |       |       ||     1
Evoke: Wand              |       |       |       |     1 |       |     8 |       ||     9
  Use: Scroll            |     4 |       |     8 |    12 |    15 |     6 |       ||    45
       Potion            |       |       |       |     2 |     3 |     3 |       ||     8
 Stab: Invisible         |       |       |       |     2 |    14 |    11 |       ||    27
       Petrified         |       |       |       |       |     1 |       |       ||     1
       Distracted        |       |       |       |       |       |     1 |       ||     1
Armor: Scale mail        |    39 |       |       |       |       |       |       ||    39
       Plate armour      |     2 |    60 |       |       |       |       |       ||    62
       Pearl dragon scal |       |     8 |    48 |   228 |     5 |       |       ||   289
       Crystal plate arm |       |       |       |       |   667 |   944 |     3 ||  1614
Dodge: Dodged            |    30 |    31 |    41 |   187 |   378 |   468 |     3 ||  1138
Block: Buckler           |    13 |    27 |    27 |   102 |   269 |   277 |       ||   715
       Kite shield       |       |       |       |       |       |   402 |    10 ||   412
